 Dungeon Crawl Stone Soup version 0.29.1-15-g9cfb28693d (webtiles) character file.

Game seed: 17964855822683400799

9 protoss039 the Digger (level 2, 20/20 HPs)
             Began as a Demonspawn Earth Elementalist on Mar 13, 2023.
             Got out of the dungeon alive.
             The game lasted 00:00:18 (547 turns).

protoss039 the Digger (DsEE)                         Turns: 547, Time: 00:00:18

Health: 20/20      AC:  2    Str:  8    XL:     2   Next: 3%
Magic:  5/5        EV: 12    Int: 16    God:
Gold:   25         SH:  0    Dex: 13    Spells: 4/5 levels left

rFire   . . .      SeeInvis .   d - +0 dagger
rCold   . . .      Faith    .   (no shield)
rNeg    . . .      Spirit   .   a - +0 robe
rPois   .          Reflect  .   (no helmet)
rElec   .          Harm     .   (no cloak)
rCorr   .          Rampage  .   (no gloves)
Will    .....                   (no boots)
Stlth   ++........              (no amulet)
HPRegen 0.06/turn               (no ring)
MPRegen 0.09/turn               (no ring)

@: no status effects
A: foul stench 1
a: no special abilities


You escaped.
You visited 1 branch of the dungeon, and saw 1 of its levels.

You collected 25 gold pieces.

Inventory:

Hand Weapons
 d - a +0 dagger (weapon)
Armour
 a - a +0 robe (worn)
Scrolls
 c - a scroll of amnesia {unknown}
 e - a scroll of teleportation {unknown}
Potions
 b - a potion of magic


   Skills:
 + Level 0.8 Fighting
 - Level 1.7 Dodging
 - Level 1.7 Stealth
 + Level 2.2 Spellcasting
 - Level 0.8 Transmutations
 + Level 2.9 Earth Magic


You had 4 spell levels left.
You knew the following spells:

 Your Spells              Type           Power      Damage    Failure   Level
a - Sandblast             Erth           22%        2d7       6%          1

Your spell library contained the following spells:

 Spells                   Type           Power      Damage    Failure   Level
 Passwall                 Tmut/Erth      5%         N/A       14%         2
 Stone Arrow              Conj/Erth      12%        3d7       32%         3
 Petrify                  Tmut/Erth      7%         N/A       67%         4


Dungeon Overview and Level Annotations

Branches:
Dungeon (1/15) Zot: 5451

Altars:


Innate Abilities, Weirdness & Mutations

You may rarely emit foul miasma when damaged in melee.


Message History

Aiming: Sandblast (safe; 6% risk of failure)
Press: ? - help, Shift-Dir - straight line, f - kobold
Aim: a kobold, wielding a +0 dagger (77% to hit)
The blast of sand hits the kobold.
You kill the kobold!
Unknown command.
Things that are here:
a +0 dagger; a kobold corpse A ball python comes into view.
The ball python hisses angrily.
A ball python is nearby!
A ball python is nearby!
You hit the ball python.
The ball python is severely wounded.
The ball python bites you but does no damage.
The ball python misses you. The ball python bites you.
The ball python misses you.
A ball python is nearby!
You barely miss the ball python.
The ball python is severely wounded.
The ball python barely misses you. x2
Unknown command.
You closely miss the ball python.
The ball python is severely wounded.
The ball python bites you but does no damage.
The ball python grabs you. The ball python constricts you.
Unknown command.
You barely miss the ball python.
The ball python is severely wounded.
The ball python bites you. The ball python constricts you.
Unknown command.
You hit the ball python.
You kill the ball python!
You have reached level 2!
Your demonic ancestry asserts itself...
You begin to emit a foul stench of rot and decay.
A bat comes into view.
There is a staircase leading out of the dungeon here.
Are you sure you want to leave the Dungeon?
This will make you lose the game!
You have escaped!

#.##.#...# #..#.#.#.
#....#...##### #..#.#.#.
####.#...#.....#........
#.#.#.#.....#........
#.#.#.#......)##.##..
#.#...#.....#)##.##.#
###.#...#.....#.##.##.#
#..##...##### #.##.##.#
#.#.#.@.#######.......#
#.########.......#.####
#.# #.#####.#.#
##.###### #.##......#
#.......# #.##.##.###
#....##.# #.##.##.#
#.##.##.###^......#
#.##..........>.###
#.#####.#####...#


There were no monsters in sight!

Vanquished Creatures
  A ball python (D:1)
  A hobgoblin (D:1)
  4 kobolds (D:1)
  A quokka (D:1)
7 creatures vanquished.

Notes
Turn   | Place    | Note
-------+----------+-------------------------------------------
     0 | D:1      | protoss039 the Demonspawn Earth Elementalist began the
                  | quest for the Orb.
     0 | D:1      | Reached XP level 1. HP: 13/13 MP: 3/3
   371 | D:1      | Gained mutation: You may rarely emit foul miasma when
                  | damaged in melee. [demonic ancestry]
   371 | D:1      | Reached XP level 2. HP: 15/20 MP: 5/5
   547 | D:$      | Got out of the dungeon alive.

Illustrated notes

Levels and vault maps discovered:
D:1:      wheals_arrival_shading, layout_loops_cross,
          hellmonk_ecumenical_altar_watching_god

Action                   || total
-------------------------++-------
Melee: Dagger            ||    14
       Unarmed           ||     1
 Cast: Sandblast         ||     4
Armor: Robe              ||     5
Dodge: Dodged            ||    12
